 Dungeon Crawl Stone Soup version 0.30.0-29-ga12c61a403 (webtiles) character file.

Game seed: 12747221027574264799

5287 GimliDwarf the Thaumaturge (level 10, -3/79 HPs)
             Began as a Gnoll Wanderer on June 15, 2023.
             Was a Believer of Qazlal.
             Slain by a yak (12 damage)
             ... on level 8 of the Dungeon.
             The game lasted 00:34:44 (7044 turns).

GimliDwarf the Thaumaturge (Gnoll Wanderer)         Turns: 7044, Time: 00:34:45

Health: -3/79      AC:  7    Str: 14    XL:     10   Next: 63%
Magic:  23/23      EV: 14    Int: 11    God:    Qazlal [**....]
Gold:   358        SH:  3    Dex: 16    Spells: 20/27 levels left

rFire   + + .        x - +7 hammer "Niawus" {freeze, *Noise rF++ Will+ Stlth+}
rCold   . . .        (no shield)
rNeg    . . .        C - +0 steam dragon scales
rPois   .            (no helmet)
rElec   .            z - +0 cloak
rCorr   .            (no gloves)
SInv    .            (no boots)
Will    +....        b - amulet of regeneration
Stlth   +++          g - ring of wizardry
HPRegen 1.13/turn    (no ring)
MPRegen 0.18/turn

%: random rage (3%), wizardry (x1)
@: wereblooded, on berserk cooldown, slowed, very slow
A: fangs 1, strong nose, distributed training, berserk 1, strong 1
a: Renounce Religion, Upheaval


You were on level 8 of the Dungeon.
You worshipped Qazlal.
Qazlal was pleased with you.
You visited 2 branches of the dungeon, and saw 9 of its levels.

You collected 358 gold pieces.

Inventory:

Hand Weapons
 j - a +3 short sword of protection
 t - a +3 glaive
 x - the +7 hammer "Niawus" (weapon) {freeze, *Noise rF++ Will+ Stlth+}
   (You found it on level 6 of the Dungeon)

   rF:        It greatly protects you from fire.
   *Noise:    It may make noises in combat.
   Will:      It increases your willpower.
   Stlth:     It makes you more stealthy.
 y - a +4 quarterstaff of chaos
Missiles
 k - 6 poisoned darts (quivered)
 l - 3 datura-tipped darts
 w - 3 javelins
 A - a throwing net
Armour
 q - a +2 leather armour
 z - a +0 cloak (worn)
 C - +0 steam dragon scales (worn)
Magical Staves
 h - a staff of cold
Jewellery
 b - an amulet of regeneration (around neck)
 g - a ring of wizardry (left hand)
 m - a ring of fire
Wands
 d - a wand of paralysis (7)
Scrolls
 c - a scroll of blinking
 f - 2 scrolls of fog
 o - 5 scrolls of teleportation
 p - a scroll of amnesia
Potions
 e - a potion of brilliance
 n - a potion of heal wounds
 r - 2 potions of resistance
 s - 2 potions of curing {unknown}
 B - 2 potions of haste {unknown}
 D - a potion of invisibility {unknown}


   Skills:
 + Level 7.4 Fighting
 + Level 5.6 Short Blades
 + Level 5.6 Long Blades
 + Level 5.6 Axes
 + Level 5.6 Maces & Flails
 + Level 5.6 Polearms
 + Level 5.6 Staves
 + Level 5.6 Ranged Weapons
 + Level 8.8 Throwing
 + Level 5.6 Armour
 + Level 5.6 Dodging
 + Level 5.6 Stealth
 + Level 5.6 Shields
 + Level 5.6 Unarmed Combat
 + Level 9.2 Spellcasting
 + Level 4.7 Conjurations
 + Level 4.7 Hexes
 + Level 4.7 Summonings
 + Level 4.7 Necromancy
 + Level 4.7 Translocations
 + Level 6.1 Transmutations
 + Level 4.7 Fire Magic
 + Level 4.7 Ice Magic
 + Level 4.7 Air Magic
 + Level 4.7 Earth Magic
 + Level 4.7 Poison Magic
 + Level 6.2 Invocations
 + Level 5.6 Evocations


You had 20 spell levels left.
You knew the following spells:

 Your Spells              Type           Power      Damage    Failure   Level
a - Wereblood             Tmut           18%        N/A       1%          2
b - Passwall              Tmut/Erth      14%        N/A       1%          2
c - Vhi's Electric Charg  Tloc/Air       30%        N/A       2%          3

Your spell library contained the following spells:

 Spells                   Type           Power      Damage    Failure   Level
 Summon Small Mammal      Summ           60%        N/A       1%          1
 Summon Ice Beast         Ice/Summ       15%        N/A       9%          4
 Arcjolt                  Conj/Air       7%         1d17      22%         5
 Summon Mana Viper        Hex/Summ       15%        N/A       22%         5
 Monstrous Menagerie      Summ           7%         N/A       99%         7
 Borgnjor's Revivificati  Necr           7%         N/A       100%        8
 Maxwell's Capacitive Co  Air            7%         ∞         100%        8
 Necromutation            Tmut/Necr      8%         N/A       100%        8
 Death's Door             Necr           7%         N/A       100%        9


Dungeon Overview and Level Annotations

Branches:
Dungeon (8/15)             Temple (1/1) D:4
   Lair: D:8-11

Altars:
Ashenzari
Cheibriados
Dithmenos
Elyvilon
Fedhas
Gozag
Hepliaklqana
Kikubaaqudgha
Makhleb
Nemelex Xobeh
Okawaru
Qazlal
Ru
Sif Muna
Trog
Uskayaw
Vehumet
Wu Jian
Xom
Yredelemnul

Shops:
D:4 =

Annotations:
D:4 2 runed translucent doors, Drain's ghost, amateur DgIE
D:6 1 transporter, PerfectTommy's ghost, novice GrFi


Innate Abilities, Weirdness & Mutations

You have very sharp teeth.
Your uncanny sense of smell can sniff out nearby items.
Your experience applies equally to all skills.
You sometimes lose your temper in combat.
Your muscles are strong. (Str +4, Int/Dex -1)


Message History

The yak gores you!
* * * LOW HITPOINT WARNING * * *
The orc warrior misses you.
The orc warrior hits you from afar with a +0 trident.
* * * LOW HITPOINT WARNING * * *
The yak barely misses you.
You feel much better. You block the yak's attack.
The orc warrior hits you from afar with a +0 trident.
You sock the yak! You freeze the yak.
The yak is heavily wounded.
The yak gores you!
* * * LOW HITPOINT WARNING * * *
The orc warrior completely misses you. The yak barely misses you.
You block the orc warrior's attack.
You barely miss the yak.
The yak is heavily wounded.
The orc warrior hits you from afar with a +0 trident!
* * * LOW HITPOINT WARNING * * *
The yak closely misses you.
You feel much better. The yak barely misses you.
The orc warrior hits you from afar with a +0 trident!
The orc warrior hits you from afar with a +0 trident.
The yak closely misses you.
You hit the yak. You freeze the yak.
The yak is severely wounded.
The yak gores you.
The orc warrior hits you from afar with a +0 trident.
* * * LOW HITPOINT WARNING * * *
The orc warrior hits you from afar with a +0 trident!
* * * LOW HITPOINT WARNING * * *
The yak barely misses you.
You barely miss the yak.
The yak is severely wounded.
The yak gores you!
* * * LOW HITPOINT WARNING * * *
The orc warrior misses you.
You hit the yak. You freeze the yak. Your bite misses the yak.
The yak is severely wounded.
The yak gores you!
You die...

.......# #........##...######
.......# #(....[..[.........#
.......#####..................##
....................)..........##
..........)....###...............
...............# #..............#
.).............# #...............
...............###o.............#
.......#######..@Yo......†<......
..)....# #.####...........###
.......# # # #..............
.......# ∆ ####+#+#..###..
.......# #..# . ######## #.... #
##.#. .#..


You could see a yak, an orc warrior and an orc.

Vanquished Creatures
  Maggie (D:7)
  Grinder (D:5)
  11 yaks
  Menkaure (D:6)
  An ice beast (D:6)
  4 black bears
  2 orc warriors (D:6)
  3 ogres
  4 centaurs
  2 kobold brigands
  5 bullfrogs
  Blork the orc (D:6)
  4 scorpions
  7 wights (D:7)
  2 hounds (D:6)
  A jelly (D:6)
  An orc priest (D:3)
  Crazy Yiuf (D:6)
  A sleepcap (D:5)
  10 orc wizards
  Ijyb (D:5)
  4 iguanas
  3 gnolls (D:4)
  9 adders
  3 white imps
  3 ufetubi
  A dart slug (D:3)
  19 orcs
  3 bats
  5 endoplasms
  4 giant cockroaches
  9 goblins
  7 hobgoblins
  4 jackals (D:2)
  6 quokkas
  7 ball pythons
  4 frilled lizards
  15 kobolds
  9 rats
179 creatures vanquished.

Notes
Turn   | Place    | Note
-------+----------+-------------------------------------------
     0 | D:1      | GimliDwarf the Gnoll Wanderer began the quest for the Orb.
     0 | D:1      | GimliDwarf set off with the following items: a +3 dagger, a
                  | curare-tipped dart, a scroll of blinking, a +0 robe; and
                  | the following spells available to memorise: Wereblood,
                  | Passwall.
     0 | D:1      | Reached XP level 1. HP: 20/20 MP: 8/8
   138 | D:1      | Reached XP level 2. HP: 26/26 MP: 10/10
   449 | D:1      | Found a faded altar of an unknown god.
  1023 | D:2      | Reached XP level 3. HP: 31/31 MP: 11/11
  1118 | D:2      | Reached skill level 1 in Invocations
  1270 | D:2      | Reached skill level 1 in Short Blades
  1270 | D:2      | Reached skill level 1 in Long Blades
  1270 | D:2      | Reached skill level 1 in Axes
  1270 | D:2      | Reached skill level 1 in Maces & Flails
  1270 | D:2      | Reached skill level 1 in Polearms
  1270 | D:2      | Reached skill level 1 in Staves
  1270 | D:2      | Reached skill level 1 in Ranged Weapons
  1270 | D:2      | Reached skill level 1 in Armour
  1270 | D:2      | Reached skill level 1 in Dodging
  1270 | D:2      | Reached skill level 1 in Stealth
  1270 | D:2      | Reached skill level 1 in Shields
  1270 | D:2      | Reached skill level 1 in Unarmed Combat
  1270 | D:2      | Reached skill level 1 in Evocations
  1596 | D:2      | Reached XP level 4. HP: 38/38 MP: 13/13
  1705 | D:2      | Learned a level 2 spell: Wereblood
  1708 | D:2      | Learned a level 2 spell: Passwall
  2129 | D:3      | Reached skill level 1 in Conjurations
  2129 | D:3      | Reached skill level 1 in Hexes
  2129 | D:3      | Reached skill level 1 in Summonings
  2129 | D:3      | Reached skill level 1 in Necromancy
  2129 | D:3      | Reached skill level 1 in Translocations
  2129 | D:3      | Reached skill level 1 in Fire Magic
  2129 | D:3      | Reached skill level 1 in Ice Magic
  2129 | D:3      | Reached skill level 1 in Air Magic
  2129 | D:3      | Reached skill level 1 in Earth Magic
  2129 | D:3      | Reached skill level 1 in Poison Magic
  2220 | D:3      | Reached XP level 5. HP: 16/43 MP: 14/14
  2507 | D:3      | Found a hazy altar of Hepliaklqana.
  2972 | D:3      | Found a blossoming altar of Fedhas.
  3062 | D:4      | Noticed an ogre
  3125 | D:4      | Reached XP level 6. HP: 50/50 MP: 16/16
  3132 | D:4      | Reached skill level 5 in Fighting
  3465 | D:4      | Noticed a black bear
  3472 | D:4      | Killed a black bear
  3480 | D:4      | Found a staircase to the Ecumenical Temple.
  3509 | Temple   | Entered the Ecumenical Temple
  3543 | Temple   | Became a worshipper of Qazlal Stormbringer
  3614 | D:4      | Reached XP level 7. HP: 51/56 MP: 18/18
  3639 | D:4      | Found Jeggorae's Jewellery Shoppe.
  3785 | D:4      | Learned a level 3 spell: Vhi's Electric Charge
  3786 | D:4      | Found a runed translucent door.
  3789 | D:4      | Noticed Drain's ghost (amateur DgIE)
  3845 | D:4      | Found a runed translucent door.
  4000 | D:5      | Entered Level 5 of the Dungeon
  4049 | D:5      | Found a radiant altar of Vehumet.
  4060 | D:5      | Found a shimmering blue altar of Sif Muna.
  4060 | D:5      | Found an ancient bone altar of Kikubaaqudgha.
  4150 | D:5      | Got Sif Muna's Volume of Invitation
  4168 | D:5      | Noticed Grinder
  4374 | D:5      | Found a shadowy altar of Dithmenos.
  4375 | D:5      | Found an iron altar of Okawaru.
  4378 | D:5      | Identified the +0 robe of the Crushed Lovers {Rampage Str-3
                  | Int+5}
  4500 | D:5      | Reached XP level 8. HP: 25/63 MP: 16/19
  4577 | D:5      | Gained mutation: You have sharp toenails. [potion of
                  | mutation]
  4577 | D:5      | Gained mutation: You are dopey. (Int -2) [potion of
                  | mutation]
  4583 | D:5      | Found a snail-covered altar of Cheibriados.
  4588 | D:5      | Found a broken altar of Ashenzari.
  4588 | D:5      | Noticed Ijyb
  4591 | D:5      | Killed Ijyb
  4592 | D:5      | Found an ornate altar of the Wu Jian Council.
  4595 | D:5      | Found a burning altar of Makhleb.
  4597 | D:5      | Found a basalt altar of Yredelemnul.
  4807 | D:5      | Reached * piety under Qazlal
  4894 | D:5      | Killed Grinder
  4895 | D:5      | Reached skill level 8 in Spellcasting
  5038 | D:6      | Found a transporter.
  5041 | D:6      | Noticed PerfectTommy's ghost (novice GrFi)
  5054 | D:6      | Identified the +9 dire flail "Killer Bee's Death" {heavy,
                  | rC+}
  5054 | D:6      | Noticed a two-headed ogre
  5143 | D:6      | Reached skill level 5 in Transmutations
  5227 | D:6      | Reached XP level 9. HP: 69/69 MP: 21/21
  5328 | D:6      | Noticed Blork the orc
  5333 | D:6      | Killed Blork the orc
  5405 | D:6      | Identified the +7 hammer "Niawus" {freeze, *Noise rF++
                  | Will+ Stlth+}
  5418 | D:6      | Found a runed translucent door.
  5419 | D:6      | Noticed Crazy Yiuf
  5425 | D:6      | Killed Crazy Yiuf
  5642 | D:6      | Noticed Menkaure
  5649 | D:6      | Killed Menkaure
  5772 | D:6      | HP: 3/71 [orc warrior/+0 battleaxe (16)]
  5774 | D:6      | Reached ** piety under Qazlal
  6004 | D:7      | Reached skill level 5 in Invocations
  6104 | D:7      | Lost mutation: You are dopey. (Int -2) [potion of mutation]
  6104 | D:7      | Lost mutation: You have sharp toenails. [potion of
                  | mutation]
  6104 | D:7      | Gained mutation: You are dopey. (Int -2) [potion of
                  | mutation]
  6104 | D:7      | Gained mutation: You have sharp toenails. [potion of
                  | mutation]
  6105 | D:7      | Lost mutation: You have sharp toenails. [potion of
                  | mutation]
  6105 | D:7      | Lost mutation: You are dopey. (Int -2) [potion of mutation]
  6105 | D:7      | Gained mutation: You sometimes lose your temper in combat.
                  | [potion of mutation]
  6105 | D:7      | Gained mutation: Your muscles are strong. (Str +4, Int/Dex
                  | -1) [potion of mutation]
  6112 | D:7      | Noticed Maggie
  6157 | D:7      | Killed Maggie
  6332 | D:7      | Reached skill level 5 in Short Blades
  6332 | D:7      | Reached skill level 5 in Long Blades
  6332 | D:7      | Reached skill level 5 in Axes
  6332 | D:7      | Reached skill level 5 in Maces & Flails
  6332 | D:7      | Reached skill level 5 in Polearms
  6332 | D:7      | Reached skill level 5 in Staves
  6332 | D:7      | Reached skill level 5 in Ranged Weapons
  6332 | D:7      | Reached skill level 5 in Armour
  6332 | D:7      | Reached skill level 5 in Dodging
  6332 | D:7      | Reached skill level 5 in Stealth
  6332 | D:7      | Reached skill level 5 in Shields
  6332 | D:7      | Reached skill level 5 in Unarmed Combat
  6332 | D:7      | Reached skill level 5 in Evocations
  6332 | D:7      | Reached XP level 10. HP: 77/77 MP: 22/22
  6915 | D:8      | Reached skill level 9 in Spellcasting
  7044 | D:8      | Slain by a yak

Illustrated notes

Levels and vault maps discovered:
D:1:      minmay_arrival_three_doors, layout_basic, basic_ecumenical_altar
D:2:      layout_basic
D:3:      layout_basic, mainiacjoe_overflow_chevrons,
          mainiacjoe_overflow_tiny_flanked,
          nicolae_concentric_dashed_squares_wild
D:4:      layout_basic, temple_statues, serial_shops, nicolae_take_the_stairs,
          ebering_ghost_sewer_f
D:5:      layout_basic, grunt_temple_overflow_magic_moments,
          nicolae_overflow_hallway_of_the_gods, uniq_ijyb, uniq_grinder
D:6:      layout_loops_ring, gammafunk_ghost_smash, uniq_crazy_yiuf_cottage,
          uniq_blork_the_orc, uniq_menkaure
D:7:      layout_basic, uniq_maggie
D:8:      layout_basic, uniq_psyche
Temple:   hellmonk_temple_rainy

Skill      XL: |  1  2  3  4  5  6  7  8  9 10 |
---------------+-------------------------------+-----
Invocations    | 1 2 3 4 5 6 |  6.2
Short Blades   | 1 2 3 5 |  5.6
Long Blades    | 1 2 3 5 |  5.6
Axes           | 1 2 3 5 |  5.6
Maces & Flails | 1 2 3 5 |  5.6
Polearms       | 1 2 3 5 |  5.6
Staves         | 1 2 3 5 |  5.6
Ranged Weapons | 1 2 3 5 |  5.6
Armour         | 1 2 3 5 |  5.6
Dodging        | 1 2 3 5 |  5.6
Stealth        | 1 2 3 5 |  5.6
Shields        | 1 2 3 5 |  5.6
Unarmed Combat | 1 2 3 5 |  5.6
Evocations     | 1 2 3 5 |  5.6
Conjurations   | 1 2 3 4 |  4.7
Hexes          | 1 2 3 4 |  4.7
Summonings     | 1 2 3 4 |  4.7
Necromancy     | 1 2 3 4 |  4.7
Translocations | 1 2 3 4 |  4.7
Fire Magic     | 1 2 3 4 |  4.7
Ice Magic      | 1 2 3 4 |  4.7
Air Magic      | 1 2 3 4 |  4.7
Earth Magic    | 1 2 3 4 |  4.7
Poison Magic   | 1 2 3 4 |  4.7
Transmutations | 4 5 6 |  6.1
Fighting       | 5 6 7 |  7.4
Throwing       | 7 8 |  8.8
Spellcasting   | 8 9 |  9.2

Action                     |  1- 3 |  4- 6 |  7- 9 | 10-12 || total
---------------------------+-------+-------+-------+-------++-------
  Melee: Dagger            |    50 |       |       |       ||    50
         Bite              |     4 |     6 |    38 |     4 ||    52
         Short sword       |    16 |   142 |   185 |       ||   343
         Punch             |       |     1 |     7 |     4 ||    12
         Kick              |       |       |    48 |       ||    48
         Mace              |       |       |    57 |    60 ||   117
  Throw: Dart              |     3 |     6 |    22 |     6 ||    37
         Boomerang         |    22 |    53 |    20 |     9 ||   104
         Stone             |       |    10 |    14 |       ||    24
         Javelin           |       |     3 |    23 |     3 ||    29
   Cast: Wereblood         |       |     3 |     4 |     1 ||     8
         Vhi's Electric Ch |       |       |    15 |     7 ||    22
  Evoke: Wand              |       |       |    15 |       ||    15
    Use: Scroll            |       |     8 |     8 |     1 ||    17
         Potion            |       |       |     3 |     3 ||     6
   Stab: Sleeping          |     4 |       |     2 |       ||     6
         Distracted        |       |     1 |       |       ||     1
         Paralysed         |       |       |    20 |       ||    20
 Armour: Robe              |    12 |       |       |       ||    12
         Leather armour    |     1 |    61 |    91 |       ||   153
         Steam dragon scal |       |       |       |    15 ||    15
  Dodge: Dodged            |    32 |    79 |   124 |    65 ||   300
  Block: Other             |       |       |     8 |    11 ||    19
